 Dungeon Crawl Stone Soup version 0.20.0-15-g7f486f2 (webtiles) character file.

710 Freeplumber the Digger (level 8, -16/55 HPs)
             Began as a Formicid Earth Elementalist on June 29, 2017.
             Demolished by Duvessa
             ... wielding a +0 rapier
              (17 damage)
             ... on level 5 of the Dungeon on June 30, 2017.
             The game lasted 00:30:10 (3002 turns).

Freeplumber the Digger (FoEE)                       Turns: 3002, Time: 00:30:12

Health: -16/55     AC:  9    Str: 13    XL:     8   Next: 0%
Magic:  0/15       EV: 12    Int: 17    God:    Xom [.*....]
Gold:   140        SH:  0    Dex: 11    Spells: 10/16 levels left

rFire    . . .     SeeInvis +   x - +1 war axe
rCold    . . .     Gourm    .   (no shield)
rNeg     . . .     Faith    .   i - +1 leather armour {MR+}
rPois    .         Spirit   .   (helmet unavailable)
rElec    .         Reflect  .   (no cloak)
rCorr    .         Harm     .   (no gloves)
MR       +....                  q - +0 pair of boots
Stlth    ++........             (no amulet)
Regen    0.2/turn               n - ring of wizardry
MPRegen  0.2/turn               f - +4 ring of protection

@: no status effects
A: permanent stasis, dig shafts and tunnels, four strong arms, antennae 3
a: Dig, Shaft Self, Renounce Religion


You were on level 5 of the Dungeon.
You worshipped Xom.
You were a plaything of Xom.
You were not hungry.

You visited 1 branch of the dungeon, and saw 5 of its levels.

You collected 140 gold pieces.

Inventory:

Hand Weapons
 g - a +0 whip
 r - the cursed +0 rapier "Goblin's Nightmare" {antimagic, MP+9, unknown}
   (You found it on level 5 of the Dungeon)

   It reduces the magical energy of the wielder, and disrupts the spells and
   magical abilities of those hit.
   Natural abilities and divine invocations are not affected.
   It affects your magic capacity (+9).
   It has a curse placed upon it.
 u - a +0 blowgun
 x - a +1 war axe (weapon)
Missiles
 k - 3 javelins
 s - 78 stones (quivered)
 v - 26 poisoned needles
Armour
 c - a +1 robe
 i - a +1 leather armour of magic resistance (worn)
 q - a +0 pair of boots (worn)
Jewellery
 f - a +4 ring of protection (right hand)
 n - a ring of wizardry (left hand)
Wands
 w - a wand of flame (16/48)
 z - a wand of flame (21/48)
Scrolls
 l - 4 scrolls of remove curse
 o - 2 scrolls of amnesia
 t - a scroll of enchant armour
 y - 2 scrolls of teleportation
Potions
 a - 2 potions of curing
 j - a potion of mutation {unknown}
 m - a potion of haste
 p - 2 potions of brilliance
 A - a potion of heal wounds {unknown}
Books
 e - a book of Geomancy

   Spells                             Type                      Level
   a - Sandblast                      Earth                        1
   b - Passwall                       Transmutation/Earth          2
   c - Stone Arrow                    Conjuration/Earth            3
   d - Petrify                        Transmutation/Earth          4
   e - Lee's Rapid Deconstruction     Earth                        5
Comestibles
 b - 2 royal jellies
 d - 4 bread rations
 h - a meat ration


   Skills:
 + Level 1.6 Fighting
 + Level 2.6(2.8) Axes
 + Level 1.2(2.1) Maces & Flails
 + Level 1.5 Armour
 + Level 2.4 Dodging
 + Level 3.9 Stealth
 + Level 4.7 Spellcasting
 + Level 0.3 Conjurations
 + Level 1.1 Transmutations
 + Level 6.4 Earth Magic


You had 10 spell levels left.
You knew the following spells:

 Your Spells              Type           Power        Failure   Level  Hunger
a - Sandblast             Erth           ####..       1%          1    None
b - Stone Arrow           Conj/Erth      ###...       6%          3    ###....
d - Passwall              Tmut/Erth      ###.......   2%          2    #......


Dungeon Overview and Level Annotations

Branches:
Dungeon (5/15)
 Temple: D:4-7

Altars:
Ashenzari
Cheibriados
Ru
Xom

Annotations:
D:5 Duvessa


Innate Abilities, Weirdness & Mutations

You cannot be hasted, slowed, berserked, paralysed or teleported.
You can dig through walls and to a lower floor.
Your four strong arms can wield two-handed weapons with a shield.
You have a pair of large antennae on your head. (SInv)


Message History

You feel slightly ill. Duvessa barely misses you. x2
Casting: Stone Arrow
Confirm with . or Enter, or press ? or * to list all spells.
Aiming: Sandblast
Press: ? - help, Shift-Dir - straight line, f/p - Duvessa
Aim: Duvessa, wielding a rapier and wearing a dyed leather armour (moderately wounded, berserk, fast, unusually strong)
The blast of sand hits Duvessa.
Duvessa is moderately wounded.
s - 78 stones Duvessa barely misses you. x2
Duvessa hits you with a rapier!
* * * LOW HITPOINT WARNING * * *
Xom thinks this is hilarious!
Casting: Sandblast
Confirm with . or Enter, or press ? or * to list all spells.
You don't have enough magic to cast that spell.
Unknown command.
Duvessa hits you with a rapier!
You die...
Xom laughs nastily!

#.##....# .#
#.##....<......
#.##.##.####.#
####.####.##.#..#.
#.##.##.......
..##.# #.##.####.
#.......# #.##..
..##.# #.
####.#### #.####
###.. .. #..# #.#
### ## #.##
#.########## #.#
#.##.......# #.#
#@##.......# #.#
#.e.....##.# #.#
#.##..#.# # #.#
#.##....##.# ###.#
#.##.......# #...#
#.##..#.##.# #.###
#..).......#
#.##### ####
####.#######
#.#...# #.. ..##.#


You could see Duvessa (berserk).

Vanquished Creatures
  An ice beast (D:5)
  A centaur (D:5)
  An ogre (D:4)
  A scorpion (D:4)
  Dowan (D:5)
  A crimson imp (D:5)
  A gnoll shaman (D:5)
  A centaur skeleton (D:4)
  An orc priest (D:3)
  An orc wizard (D:4)
  A hound skeleton (D:4)
  3 gnolls (D:5)
  7 adders
  2 shadow imps (D:5)
  3 oozes
  2 adder skeletons (D:5)
  A worm (D:2)
  2 dart slugs
  2 leopard geckos
  6 orcs
  2 giant cockroaches
  4 goblins
  4 hobgoblins
  8 jackals
  3 kobolds
  2 quokkas
  A ball python (D:4)
  A bat (D:1)
  3 frilled lizards
  A leopard gecko skeleton (D:4)
  A quokka skeleton (D:4)
  5 rats
74 creatures vanquished.

Vanquished Creatures (collateral kills)
  An orc priest (D:4)
  An orc wizard (D:4)
  2 orcs (D:4)
4 creatures vanquished.

Grand Total: 78 creatures vanquished

Notes
Turn   | Place    | Note
-------+----------+-------------------------------------------
     0 | D:1      | Freeplumber the Formicid Earth Elementalist began the quest for the Orb.
     0 | D:1      | Reached XP level 1. HP: 13/13 MP: 3/3
   348 | D:1      | Reached skill level 4 in Earth Magic
   348 | D:1      | Reached XP level 2. HP: 19/19 MP: 3/5
   497 | D:1      | Reached XP level 3. HP: 21/24 MP: 0/6
  1004 | D:2      | Reached XP level 4. HP: 30/30 MP: 8/8
  1328 | D:3      | Found a shimmering altar of Xom.
  1328 | D:3      | Found a shattered altar of Ashenzari.
  1330 | D:3      | Found a sacrificial altar of Ru.
  1346 | D:3      | Became a worshipper of Xom of Chaos
  1403 | D:3      | Learned a level 3 spell: Stone Arrow
  1410 | D:3      | Reached XP level 5. HP: 26/35 MP: 2/9
  1419 | D:3      | XOM: harmless Summ miscast
  1467 | D:3      | Found a snail-covered altar of Cheibriados.
  1856 | D:4      | Reached skill level 5 in Earth Magic
  1882 | D:4      | XOM: noise
  1884 | D:4      | Reached skill level 1 in Maces & Flails
  1892 | D:4      | Reached skill level 1 in Axes
  1892 | D:4      | Reached XP level 6. HP: 30/42 MP: 7/11
  1912 | D:4      | Learned a level 4 spell: Petrify
  2133 | D:4      | Learned a level 2 spell: Passwall
  2229 | D:4      | Reached skill level 1 in Fighting
  2398 | D:4      | Noticed an ogre
  2403 | D:4      | XOM: butterfly on damage
  2415 | D:4      | XOM: enchant monster (good)
  2417 | D:4      | Killed an ogre
  2417 | D:4      | Reached XP level 7. HP: 14/48 MP: 8/13
  2562 | D:5      | Entered Level 5 of the Dungeon
  2720 | D:5      | XOM: god gift: phantom mirror
  2739 | D:5      | XOM: enchant monster (good)
  2742 | D:5      | Reached skill level 1 in Armour
  2742 | D:5      | Reached skill level 6 in Earth Magic
  2753 | D:5      | XOM: confuse monster(s)
  2862 | D:5      | Got an ichor-stained rapier
  2977 | D:5      | Noticed Duvessa
  2977 | D:5      | Noticed Dowan
  2980 | D:5      | XOM: confuse monster(s)
  2984 | D:5      | Killed Dowan
  2984 | D:5      | Reached XP level 8. HP: 46/55 MP: 6/15
  2996 | D:5      | XOM: harmless Pois miscast
  3000 | D:5      | HP: 1/55 [Duvessa/rapier (11)]
  3002 | D:5      | Demolished by Duvessa

Skill      XL: |  1  2  3  4  5  6  7 |
---------------+----------------------+-----
Earth Magic    | 4 5 6 |  6.4
Dodging        | 2 |  2.4
Spellcasting   | 3 4 |  4.7
Stealth        | 3 |  3.9
Maces & Flails | 1 |  1.2
Axes           | 1 2 |  2.6
Fighting       | 1 |  1.6
Armour         | 1 |  1.5
Conjurations   | |  0.3
Transmutations | |  1.1

Action                   |  1- 3 |  4- 6 |  7- 9 || total
-------------------------+-------+-------+-------++-------
Melee: Unarmed           |     9 |       |       ||     9
       Whip              |    22 |    33 |       ||    55
       War axe           |       |    25 |    24 ||    49
Throw: Javelin           |     2 |       |       ||     2
       Stone             |       |     1 |       ||     1
 Cast: Sandblast         |    28 |    33 |    34 ||    95
       Stone Arrow       |       |     4 |     8 ||    12
Evoke: Wand              |       |       |     2 ||     2
       Phantom mirror    |       |       |     1 ||     1
  Use: Scroll            |     2 |     6 |     2 ||    10
       Potion            |       |       |     4 ||     4
 Stab: Sleeping          |     2 |     4 |       ||     6
       Confused          |       |       |     1 ||     1
       Paralysed         |       |       |     1 ||     1
  Eat: Royal jelly       |     1 |       |       ||     1
       Bread ration      |       |     2 |       ||     2
       Fruit             |       |     1 |       ||     1
Armor: Robe              |    11 |    18 |       ||    29
       Leather armour    |       |     1 |    12 ||    13
Dodge: Dodged            |    26 |    59 |    38 ||   123
